 Dungeon Crawl Stone Soup version 0.32-a0-473-gd044c6f0f0 (webtiles) character file.

Game seed: 7141372211380938432

163 cforsyth the Trooper (level 5, 0/63 HPs)
             Began as a Coglin Gladiator on Feb 25, 2024.
             Slain by a sky beast (5 damage)
             ... on level 4 of the Dungeon.
             The game lasted 00:04:12 (2371 turns).

cforsyth the Trooper (Coglin Gladiator)             Turns: 2371, Time: 00:04:12

Health: 0/63       AC: 22    Str: 17    XL:     5   Next: 44%
Magic:  5/5        EV:  2    Int:  7    God:
Gold:   112        SH:  0    Dex: 15    Spells: 4/4 levels left

rFire   . . .        a - +0 war axe {Citlalmina}
rCold   . . .        (no shield)
rNeg    . . .        b - melded +0 leather armour
rPois   +            c - melded +0 helmet
rElec   .            q - melded +1 cloak
rCorr   .            f - melded +0 pair of gloves
SInv    .            (boots currently unavailable)
Will    .....        (no amulet)
Stlth   +            (no ring)
HPRegen 0.30/turn    (no ring)
MPRegen 0.09/turn

%: no passive effects
@: mighty, tree-form, attractive, revved
A: stationary, stasis, torment immunity, boosted hp, off-hand wielding, slow
wielding, warmup strikes, (no rings)
a: no special abilities


You were on level 4 of the Dungeon.
You were a tree.
You visited 1 branch of the dungeon, and saw 4 of its levels.

You collected 112 gold pieces.


Innate Abilities, Weirdness & Mutations

You are a tree.
Your roots penetrate the ground, keeping you stationary.
You cannot be teleported.
You are immune to unholy pain and torment.
Your maximum health is greatly increased.
Your equipment is partially melded.
You can wield a second weapon in your off-hand.
It takes a long time for you to wield or remove held weapons.
Your first few attacks do less damage.
((Your grasper-arms cannot wear rings.))


   Skills:
 + Level 4.1 Fighting
 - Level 3.0 Axes
 - Level 1.7 Throwing
 + Level 3.0 Armour
 - Level 2.6 Dodging


You had 4 spell levels left.
You didn't know any spells.
Your spell library was empty.

Inventory:

Hand Weapons
 a - a +0 war axe (weapon) {Citlalmina}
Missiles
 d - 4 throwing nets (quivered) {=f}
 e - a javelin
Armour
 b - a +0 leather armour (melded)
 c - a +0 helmet (melded)
 f - a +0 pair of gloves (melded)
 q - a +1 cloak (melded)
Jewellery
 h - an amulet of faith {!P}
 w - an amulet of regeneration
Scrolls
 i - a scroll of butterflies {unknown}
 k - a scroll of teleportation {unknown}
 m - 2 scrolls of blinking {unknown}
 p - 2 scrolls of identify {unknown}
 r - a scroll of fog {unknown}
Potions
 j - a potion of attraction
 o - a potion of heal wounds {unknown}
 t - a potion of haste {unknown}
 u - a potion of enlightenment {unknown}
 v - a potion of brilliance {unknown}

Dungeon Overview and Level Annotations

Branches:
Dungeon (4/15)
 Temple: D:4-7

Altars:

Shops:
D:1

? # #. +▓▓
#..▓▓▓▓▓%.▓▓
#....▓{...▓
####.♣=...▓
#####.▓▓$.▓▓
##......▓ ▓▓ #
.#######..####......#
.#.......>.## #######
............#
...####..##.## ..#
#.# ##.## ..# #.
##.###


There were no monsters in sight!


Message History

* * * LOW HITPOINT WARNING * * *
Something shocks you.
* * * LOW HITPOINT WARNING * * *
You closely miss something.
Something hits you but does no damage. x2
You barely miss something. Something hits you but does no damage.
You closely miss something. Something hits you.
* * * LOW HITPOINT WARNING * * *
Something shocks you.
* * * LOW HITPOINT WARNING * * *
Something hits you but does no damage.
You hit something.
A sky beast appears from thin air!
Reactivating autopickup.
The sky beast flickers out of sight!
Deactivating autopickup; reactivate with Ctrl-A.
Something hits you but does no damage.
You miss something. Something hits you.
* * * LOW HITPOINT WARNING * * *
Something shocks you.
* * * LOW HITPOINT WARNING * * *
You feel better. Something hits you but does no damage.
It was a potion of might.
You feel very mighty all of a sudden. Something hits you.
* * * LOW HITPOINT WARNING * * *
Something shocks you.
* * * LOW HITPOINT WARNING * * *
You miss something. Something hits you.
* * * LOW HITPOINT WARNING * * *
Something shocks you.
You die...

Skill      XL: |  1  2  3  4  5 |
---------------+----------------+-----
Armour         | 1 2 3 |  3.0
Fighting       | 3 4 |  4.1
Axes           | |  3.0
Throwing       | |  1.7
Dodging        | |  2.6

Action                     |  1- 3 |  4- 6 || total
---------------------------+-------+-------++-------
  Melee: War axe           |   106 |   106 ||   212
    Use: Potion            |       |     6 ||     6
   Stab: Sleeping          |       |     1 ||     1
 Armour: Leather armour    |    72 |    61 ||   133
         Skin              |       |    17 ||    17
  Dodge: Dodged            |    85 |    76 ||   161

Levels and vault maps discovered:
D:1:      zelgadis_glass_arrival_small, layout_basic, serial_shops,
          nicolae_shop_peninsula
D:2:      layout_loops_ring, minivault_25
D:3:      layout_basic
D:4:      layout_layer_cave, nicolae_kikubaaqudgha_miasma_corner,
          mainiacjoe_overflow_brackets, minmay_joined_circles

Notes
Turn   | Place    | Note
-------+----------+-------------------------------------------
     0 | D:1      | cforsyth the Coglin Gladiator began the quest for the Orb.
     0 | D:1      | Reached XP level 1. HP: 16/16 MP: 1/1
   125 | D:1      | Found Huxkeemm's Magic Scroll Shop.
   156 | D:1      | Reached XP level 2. HP: 17/23 MP: 2/2
   158 | D:1      | Reached skill level 1 in Armour
   957 | D:2      | Reached XP level 3. HP: 19/28 MP: 3/3
  1091 | D:2      | Reached skill level 3 in Fighting
  1446 | D:2      | Reached skill level 2 in Armour
  1457 | D:2      | Reached XP level 4. HP: 34/35 MP: 4/4
  2154 | D:3      | Reached XP level 5. HP: 42/42 MP: 5/5
  2186 | D:3      | Reached skill level 4 in Fighting
  2189 | D:3      | Reached skill level 3 in Armour
  2344 | D:4      | Noticed a sky beast
  2368 | D:4      | HP: 3/63 [something (6)]
  2371 | D:4      | Slain by a sky beast

Vanquished Creatures
  6 adders
  3 gnolls (D:3)
  4 dart slugs
  3 ribbon worms
  3 ball pythons
  6 bats
  6 endoplasms
  6 giant cockroaches
  4 goblins
  7 hobgoblins
  A jackal (D:4)
  9 kobolds
  A quokka (D:3)
  A frilled lizard (D:2)
  2 rats (D:2)
62 creatures vanquished.

Table legend: (Time is in decaauts)
 A = Elapsed time spent in this place.
 B = Non-inter-level travel time spent in this place.
 C = Inter-level travel time spent in this place.
 D = Time resting spent in this place.
 E = Time spent auto-exploring this place.
 F = Levels seen in this place.
 G = Mean time per level.
                   A        B        C        D        E       F      G
               +--------+--------+--------+--------+--------+-----+--------+
         Total |   2443 |   2363 |     80 |     43 |   1748 |   4 |  610.8 |
       Dungeon |   2443 |   2363 |     80 |     43 |   1748 |   4 |  610.8 |
               +--------+--------+--------+--------+--------+-----+--------+

Top non-repeatable levels by time:
     D:2: 906 daAuts
     D:1: 839 daAuts
     D:3: 599 daAuts
     D:4: 98 daAuts

Table legend:
 A = Non-vault XP
 B = Vault XP
 C = Vault XP percentage of total XP
 D = Non-vault monster count
 E = Vault monster count
 F = Vault count percentage of total count
                 A         B        C        D         E       F
            +---------+---------+-------+---------+---------+-------
      Total |     229 |       4 |   1.7 |      60 |       2 |   3.2
            +---------+---------+-------+---------+---------+-------
        D:1 |      26 |       0 |   0.0 |      13 |       0 |   0.0
        D:2 |      75 |       0 |   0.0 |      21 |       0 |   0.0
        D:3 |     124 |       0 |   0.0 |      24 |       0 |   0.0
        D:4 |       4 |       4 |  50.0 |       2 |       2 |  50.0
            +---------+---------+-------+---------+---------+-------
